 Dungeon Crawl Stone Soup version bcrawl-1.13.2 (webtiles) character file.

Game seed: 15225739906652858318

80 Chiseanne the Poker (level 4, 0/35 HPs)
             Began as a Demonspawn Archaeologist on Aug 12, 2019.
             Slain by a centaur
             ... wielding a +0 mace
              (6 damage)
             ... on level 3 of the Dungeon.
             The game lasted 00:05:30 (1945 turns).

Chiseanne the Poker (Demonspawn Archaeologist)      Turns: 1945, Time: 00:05:31

Health: 0/35       AC:  9    Str: 11    XL:     4   Next: 18%
Magic:  4/4        EV:  9    Int: 16    God:
Gold:   103        SH:  0    Dex: 14    Spells: 3/3 levels left

rFire    . . .     SeeInvis .   m - +0 hand axe
rCold    . . .     Gourm    .   (no shield)
rNeg     . . .     Faith    .   a - +0 scale mail
rPois    .         Spirit   .   c - +1 hat
rElec    .         Reflect  .   (no cloak)
rCorr    .         Harm     .   (no gloves)
MR       .....                  d - +1 pair of boots
Stlth    +.........             (no amulet)
HPRegen  0.11/turn              (no ring)
MPRegen  0.09/turn              (no ring)

@: studying Polearms
A: thin skeletal structure 1, powered by death 1, spiny 1
a: no special abilities


You were on level 3 of the Dungeon.
You were not hungry.

You visited 1 branch of the dungeon, and saw 3 of its levels.

You collected 103 gold pieces.

Inventory:

Hand Weapons
 m - a +0 hand axe (weapon)
Missiles
 h - 346 stones (quivered)
 p - 325 sling bullets
 r - 220 bolts
 t - 188 arrows
 u - 204 poisoned needles
Armour
 a - a +0 scale mail (worn)
 c - a +1 hat (worn)
 d - a +1 pair of boots (worn)
Scrolls
 b - 2 scrolls of identify
 i - a scroll of enchant weapon {unknown}
 j - 4 scrolls of teleportation
 k - a scroll of enchant armour {unknown}
 n - a scroll of remove curse {unknown}
 s - 5 scrolls of blinking {unknown}
Potions
 l - a potion of haste {unknown}
 o - a potion of heal wounds
 q - a potion of flight
Books
 e - a manual of Polearms
Miscellaneous
 f - an ancient crate
Comestibles
 g - 3 rations {!d}
 v - 3 chunks of flesh


   Skills:
 - Level 3.0 Fighting
   Level 0.8 Maces & Flails
 + Level 3.3 Polearms
 - Level 2.6 Dodging
 - Level 3.0 Stealth


You had 3 spell levels left.
You didn't know any spells.
Your spell library was empty.

Dungeon Overview and Level Annotations

Branches:
Dungeon (3/12)

Altars:


Innate Abilities, Weirdness & Mutations

You have a somewhat thin skeletal structure. (Dex +2, Stealth)
You regenerate a little health from kills.
You are partially covered in sharp spines.


Message History

The centaur is heavily wounded.
The centaur barely misses you. The centaur is struck by your spines.
The centaur barely misses you.
You barely miss the centaur.
The centaur is heavily wounded.
The centaur hits you with a +0 mace.
You hit the centaur.
The centaur is severely wounded.
The centaur is struck by your spines.
The centaur hits you but does no damage.
The centaur hits you with a +0 mace.
You hit the centaur but do no damage.
The centaur is almost dead.
The centaur hits you but does no damage.
You hit the centaur but do no damage.
The centaur is almost dead.
The centaur is struck by your spines. The centaur hits you with a +0 mace.
* * * LOW HITPOINT WARNING * * *
The centaur hits you with a +0 mace.
You die...

#..)).......# #....
###....#..### #....##
#.##.#..# ......
#.##.#..# .....
#.##.#..# #...
#.#.....# #...
##.####.##
...#...#####.........
........@..........##
......###c....######
..... #.....#
#.............#
...c..........#
###...........#
#..c........#
#####.......#
#.......#


You could see a centaur.

Vanquished Creatures
  An adder (D:2)
  2 oozes (D:1)
  3 worms (D:2)
  A dart slug (D:1)
  2 leopard geckos
  3 orcs (D:3)
  4 bats
  2 goblins
  3 hobgoblins
  3 jackals (D:1)
  2 quokkas (D:2)
  2 ball pythons
  3 frilled lizards (D:1)
  11 kobolds
  6 rats
48 creatures vanquished.

Notes
Turn   | Place    | Note
-------+----------+-------------------------------------------
     0 | D:1      | Chiseanne the Demonspawn Archaeologist began the quest for
                  | the Orb.
     0 | D:1      | Reached XP level 1. HP: 15/15 MP: 1/1
   239 | D:1      | Gained mutation: You regenerate a little health from kills.
                  | [demonic ancestry]
   239 | D:1      | Reached XP level 2. HP: 16/22 MP: 2/2
   683 | D:1      | Gained mutation: You are partially covered in sharp spines.
                  | [demonic ancestry]
   683 | D:1      | Reached XP level 3. HP: 19/29 MP: 3/3
  1074 | D:2      | Reached skill level 1 in Polearms
  1617 | D:2      | Gained mutation: You have a somewhat thin skeletal
                  | structure. (Dex +2, Stealth) [demonic ancestry]
  1617 | D:2      | Reached XP level 4. HP: 33/35 MP: 4/4
  1931 | D:3      | Noticed a centaur
  1945 | D:3      | Slain by a centaur

Skill      XL: |  1  2  3  4 |
---------------+-------------+-----
Fighting       | 2 3 |  3.0
Polearms       | 2 3 |  3.3
Maces & Flails | |  0.8
Dodging        | |  2.6
Stealth        | |  3.0

Action                   |  1- 3 |  4- 6 || total
-------------------------+-------+-------++-------
Melee: Whip              |    49 |       ||    49
       Hand axe          |   111 |    31 ||   142
  Use: Scroll            |       |     4 ||     4
 Stab: Sleeping          |     1 |     1 ||     2
  Eat: Chunk             |     2 |     2 ||     4
Armor: Robe              |    24 |       ||    24
       Scale mail        |    57 |    17 ||    74
Dodge: Dodged            |    87 |    23 ||   110
